 Dungeon Sprint DCSS version 0.21.1-1-g345015f (webtiles) character file.

622 Mesmaeker13 the Fighter (level 7, -6/72 HPs)
             Began as a Hill Orc Fighter on Apr 13, 2018.
             Was an Initiate of Trog.
             Mangled by Sonja
             ... wielding a +0 short sword of distortion
              (15 damage)
             ... in the Dungeon (Sprint I: "Red Sonja").
             The game lasted 00:02:27 (1188 turns).

Mesmaeker13 the Fighter (Hill Orc Fighter)          Turns: 1188, Time: 00:02:28

Health: -6/72      AC:  8    Str: 20    XL:     7   Next: 46%
Magic:  7/7        EV:  8    Int:  8    God:    Trog [......]
Gold:   311        SH: 11    Dex: 11    Spells: 6/6 levels left

rFire    . . .     SeeInvis .   a - +0 trident
rCold    . . .     Gourm    .   c - +0 shield
rNeg     . . .     Faith    .   b - +0 scale mail
rPois    .         Spirit   .   (no helmet)
rElec    .         Reflect  .   (no cloak)
rCorr    .         Harm     .   (no gloves)
MR       .....     NoTele   +   (no boots)
Stlth    ..........             (no amulet)
HPRegen  0.22/turn              (no ring)
MPRegen  0.10/turn              (no ring)

@: berserk cooldown, slowed, very slow
A: no striking features
a: Burn Spellbooks, Renounce Religion


You were in the Dungeon.
You worshipped Trog.
Trog was noncommittal.
You were hungry.

You visited 1 branch You collected 311 gold pieces.

Inventory:

Hand Weapons
 a - a +0 trident (weapon)
Armour
 b - a +0 scale mail (worn)
 c - a +0 shield (worn)
Wands
 l - a wand of random effects (11)
Scrolls
 k - a scroll of blinking
Potions
 d - a potion of might
 i - 2 potions of magic
 m - 2 potions of mutation {unknown}
Comestibles
 f - a ration


   Skills:
 + Level 10.1 Fighting
 + Level 8.9 Polearms
 + Level 9.2 Armour
 + Level 9.2 Shields


You had 6 spell levels left.
You didn't know any spells.

Dungeon Overview and Level Annotations

Branches:
Dungeon (1/1)

Altars:
Cheibriados
Dithmenos
Elyvilon
Fedhas
Gozag
Hepliaklqana
Kikubaaqudgha
Makhleb
Nemelex Xobeh
Okawaru
Qazlal
Ru
Sif Muna
Trog
Uskayaw
Vehumet
Wu Jian
Xom
Yredelemnul
Zin
The Shining One
Jiyva
Lugonu

Shops:
D }

Annotations:
D Sonja


Message History

You feel as though you will be slow longer.
You feel sick.
Sonja unwields an uncursed blowgun.
Sonja wields an uncursed short sword of distortion.
Its appearance distorts for a moment.
You block Sonja's attack. x2
Sonja hits you but does no damage. Space bends around you.
* * * LOW HITPOINT WARNING * * *
There is an open door here.
You see here a curare-tipped needle.
You feel better. You block Sonja's attack. Sonja hits you but does no damage.
Space bends around you.
* * * LOW HITPOINT WARNING * * *
Sonja hits you but does no damage. Space bends around you.
* * * LOW HITPOINT WARNING * * *
Sonja hits you but does no damage. Space bends around you.
* * * LOW HITPOINT WARNING * * *
Sonja hits you but does no damage.
Sonja hits you with an uncursed short sword of distortion.
* * * LOW HITPOINT WARNING * * *
Space warps horribly around you!
You die...

###################
#<.#..)..#..'..#__#
#..[..#.)'..#..'..+
#.{#####'#####'#__# #
#..####..#...#[####)§
#..#__####..##.#≈≈≈§c
#..#_____##'#_.§≈≈≈§§
#⌠⌠#_.∩...'..K_#≈≈§§c
####_..__##_.#@##+##
#_____###'#.# #######
#.### $.$ $.$ ##.##
#+#


You could see Sonja.

Vanquished Creatures
  A slime creature (D)
  Sigmund (D)
  A yak (D)
  An ogre (D)
  A jelly (D)
  Ijyb (D)
6 creatures vanquished.

Notes
Turn   | Place    | Note
-------+----------+-------------------------------------------
     0 | D        | Mesmaeker13 the Hill Orc Fighter began the quest for the Orb.
     0 | D        | Reached XP level 1. HP: 19/19 MP: 1/1
     2 | D        | Noticed Ijyb
    21 | D        | Killed Ijyb
    21 | D        | Reached skill level 5 in Fighting
    21 | D        | Reached XP level 2. HP: 26/29 MP: 2/2
    21 | D        | Reached XP level 3. HP: 33/36 MP: 3/3
    46 | D        | Noticed an ogre
    52 | D        | Killed an ogre
    52 | D        | Reached skill level 6 in Fighting
    52 | D        | Reached skill level 5 in Polearms
    52 | D        | Reached XP level 4. HP: 21/45 MP: 4/4
   211 | D        | Noticed Sigmund
   256 | D        | Killed Sigmund
   256 | D        | Reached skill level 8 in Fighting
   256 | D        | Reached XP level 5. HP: 5/55 MP: 5/5
   256 | D        | Reached XP level 6. HP: 6/62 MP: 6/6
   557 | D        | Found a deep blue altar of Sif Muna.
   558 | D        | Found an ornate altar of the Wu Jian Council.
   559 | D        | Found a radiant altar of Vehumet.
   610 | D        | Found Voeg Feu's Gadget Emporium.
   610 | D        | Found an ancient bone altar of Kikubaaqudgha.
   610 | D        | Found a hazy altar of Hepliaklqana.
   610 | D        | Found a stormy altar of Qazlal.
   610 | D        | Found a hide-covered altar of Uskayaw.
   610 | D        | Found a blossoming altar of Fedhas.
   610 | D        | Found a bloodstained altar of Trog.
   610 | D        | Found an iron altar of Okawaru.
   610 | D        | Found a basalt altar of Yredelemnul.
   610 | D        | Found a glowing golden altar of the Shining One.
   610 | D        | Found a snail-covered altar of Cheibriados.
   610 | D        | Found a sacrificial altar of Ru.
   610 | D        | Found a glowing silver altar of Zin.
   610 | D        | Found a shadowy altar of Dithmenos.
   610 | D        | Found a white marble altar of Elyvilon.
   610 | D        | Noticed a yak
   611 | D        | Found an opulent altar of Gozag.
   630 | D        | Killed a yak
   630 | D        | Reached skill level 9 in Fighting
   630 | D        | Reached XP level 7. HP: 19/70 MP: 7/7
   943 | D        | Found a sparkling altar of Nemelex Xobeh.
   948 | D        | Became a worshipper of Trog the Wrathful
   969 | D        | Found a burning altar of Makhleb.
   969 | D        | Found a viscous altar of Jiyva.
   969 | D        | Found a shimmering altar of Xom.
   969 | D        | Found a corrupted altar of Lugonu.
   969 | D        | Noticed a slime creature
   991 | D        | Killed a slime creature
   991 | D        | Reached skill level 10 in Fighting
  1164 | D        | Noticed a centaur warrior
  1164 | D        | Noticed a centaur warrior
  1166 | D        | Noticed Sonja
  1188 | D        | Mangled by Sonja

Skill      XL: |  1  2  3  4  5  6  7 |
---------------+----------------------+-----
Fighting       | 5 6 8 9 10 | 10.1
Polearms       | 3 5 7 8 |  8.9
Armour         | 4 6 7 8 9 |  9.2
Shields        | 4 6 7 8 9 |  9.2

Action                   |  1- 3 |  4- 6 |  7- 9 || total
-------------------------+-------+-------+-------++-------
Melee: Trident           |    24 |    33 |    22 ||    79
Evoke: Wand              |     1 |     2 |       ||     3
  Use: Potion            |       |     2 |     2 ||     4
Armor: Scale mail        |     8 |     8 |     8 ||    24
Dodge: Dodged            |     5 |     2 |     6 ||    13
Block: Shield            |    10 |    15 |    11 ||    36
